 Dungeon Crawl Stone Soup version 0.16.1-51-g6203257 (webtiles) character file.

135 Peronor the Insei (level 4, -4/41 HPs)
             Began as a Draconian Monk on July 21, 2015.
             Slain by Gargoyl's ghost (13 damage)
             ... on level 3 of the Dungeon.
             The game lasted 00:12:52 (2075 turns).

Peronor the Insei (Draconian Monk)                  Turns: 2075, Time: 00:12:52

Health: -4/41      AC:  5    Str: 14    XL:     4   Next: 96%
Magic:  4/4        EV: 13    Int: 10    God:
Gold:   77         SH:  0    Dex: 14    Spells: 0 memorised, 3 levels left

rFire  . . .     SeeInvis .       - Unarmed
rCold  . . .     Clarity  .     (armour unavailable)
rNeg   + . .     SustAb   .     (no shield)
rPois  .         Gourm    .     (helmet restricted)
rElec  .         Spirit   .     (no cloak)
rCorr  .         Warding  +     (no gloves)
rMut   .         Stasis   .     (no boots)
MR     .....                    a - amulet of warding
Stlth  +++.......               (no ring)
                                d - ring of stealth

@: not resistant to hostile enchantments, fairly stealthy
A: unfitting armour, horns 1, robust 1, screaming 1, cold-blooded, AC +5
a: no special abilities


You were on level 3 of the Dungeon.
You were not hungry.

You visited 1 branch of the dungeon, and saw 3 of its levels.

You collected 77 gold pieces.

Inventory:

Jewellery
 a - an amulet of warding (around neck)
 d - a ring of stealth (left hand)
Scrolls
 c - 2 scrolls of remove curse
 e - a scroll of recharging
 h - a scroll of identify
Comestibles
 b - 3 bread rations
 f - 4 fruits
 g - a meat ration
 i - a beef jerky


   Skills:
 + Level 3.5 Fighting
 + Level 3.7 Dodging
 + Level 2.4 Stealth
 + Level 5.1 Unarmed Combat


You had 3 spell levels left.
You didn't know any spells.

Dungeon Overview and Level Annotations

Branches:
Dungeon (3/15)

Altars:

Annotations:
D:3 Gargoyl's ghost, average GrBe


Innate Abilities, Weirdness & Mutations

Your plain brown scales are hard (AC +5).
Your body does not fit into most forms of armour.
Your cold-blooded metabolism reacts poorly to cold.
You have a pair of small horns on your head.
You are robust (+10% HP).
You occasionally shout uncontrollably at your foes.


Message History

Gargoyl's ghost closely misses you.
You hit Gargoyl's ghost but do no damage.
Gargoyl's ghost is moderately damaged.
Gargoyl's ghost hits you!
* * * LOW HITPOINT WARNING * * *
A rat comes into view.
Gargoyl's ghost says, "You must not fail where I succeeded!"
Gargoyl's ghost hits you.
* * * LOW HITPOINT WARNING * * *
You hit the rat.
You kill the rat!
Gargoyl's ghost barely misses you. Gargoyl's ghost completely misses you.
You see here a rat corpse.
Found a stone staircase leading down.
Found a pair of boots.
Found 11 gold pieces.
There is a stone staircase leading down here.
Gargoyl's ghost hits you!
You die...

#...# ......#
###.######. #...#
.......# #.# #....
........######.# ...
+...............######.
#........#...###.......
..[......#...# #.######
####...#.#...###.####
#......W.......†....#
#.##..@#.#...########
#...#.#...#
#....#.##### #..#.#.#
...$....# .....#.###
### #.# #.# #.#


You could see Gargoyl's ghost.

Vanquished Creatures
  3 gnolls (D:3)
  2 adders (D:2)
  4 worms
  An orc (D:3)
  4 giant cockroaches
  11 hobgoblins
  A quokka (D:2)
  A ball python (D:2)
  4 bats
  A giant gecko (D:2)
  3 giant newts
  7 goblins
  8 jackals
  9 kobolds
  7 rats
66 creatures vanquished.

Notes
Turn   | Place    | Note
--------------------------------------------------------------
     0 | D:1      | Peronor, the Draconian Monk, began the quest for the Orb.
     0 | D:1      | Reached XP level 1. HP: 19/19 MP: 1/1
   114 | D:1      | Gained mutation: You have a pair of small horns on your head. [potion of mutation]
   114 | D:1      | Gained mutation: You are robust (+10% HP). [potion of mutation]
   114 | D:1      | Gained mutation: You occasionally shout uncontrollably at your foes. [potion of mutation]
   320 | D:1      | Reached XP level 2. HP: 28/28 MP: 2/2
   921 | D:2      | Reached XP level 3. HP: 17/34 MP: 3/3
  1379 | D:2      | Reached XP level 4. HP: 33/41 MP: 4/4
  1800 | D:3      | Noticed Gargoyl's ghost (average GrBe)
  1954 | D:3      | Reached skill level 5 in Unarmed Combat
  2075 | D:3      | Slain by Gargoyl's ghost

Action                   |  1- 3 |  4- 6 || total
-------------------------+-------+-------++-------
Melee: Unarmed           |   142 |    65 ||   207
  Use: Scroll            |     7 |     2 ||     9
       Potion            |     3 |     1 ||     4
 Stab: Sleeping          |     3 |     1 ||     4
       Distracted        |       |     1 ||     1
  Eat: Bread ration      |     1 |       ||     1
